 Dungeon Crawl Stone Soup version 0.29.1-12-g30fa7ad0bf (webtiles) character file.

Game seed: 9717001402573535480

1241 trigross the Chopper (level 8, -2/69 HPs)
             Began as a Hill Orc Fighter on Dec 15, 2022.
             Was a Follower of Beogh.
             Slain by venomsnake's ghost (5 damage)
             ... on level 7 of the Dungeon.
             The game lasted 00:19:11 (7015 turns).

trigross the Chopper (Hill Orc Fighter)             Turns: 7015, Time: 00:19:12

Health: -2/69      AC: 16    Str: 25    XL:     8   Next: 49%
Magic:  8/8        EV:  7    Int: 14    God:    Beogh [*.....]
Gold:   451        SH:  5    Dex: 10    Spells: 7/7 levels left

rFire   . . .      SeeInvis +   b - +8 long sword of the Desolation of Salt {pain, rC+ Str+4 SInv}
rCold   + . .      Faith    .   c - +0 buckler
rNeg    . . .      Spirit   .   k - +1 plate armour
rPois   .          Reflect  .   y - +0 helmet
rElec   .          Harm     .   (no cloak)
rCorr   .          Rampage  .   (no gloves)
Will    .....                   r - +0 pair of boots
Stlth   ..........              h - amulet of magic regeneration
HPRegen 0.21/turn               q - +6 ring of intelligence
MPRegen 0.51/turn               (no ring)

@: mighty
A: no striking features
a: Renounce Religion


You were on level 7 of the Dungeon.
You worshipped Beogh.
Beogh was aware of your devotion.
You visited 1 branch of the dungeon, and saw 7 of its levels.
You also visited: Sewer.

You collected 451 gold pieces.

Inventory:

Hand Weapons
 a - a +1 war axe of draining
 b - the +8 long sword of the Desolation of Salt (weapon) {pain, rC+ Str+4 SInv}
   (You found it on level 5 of the Dungeon)

   In the hands of one skilled in necromantic magic, it inflicts extra damage on
   living creatures.
   Str:       It affects your strength (+4).
   rC:        It protects you from cold.
   SInv:      It lets you see invisible.
 j - a +0 broad axe of freezing
Missiles
 s - 3 throwing nets (quivered)
Armour
 c - a +0 buckler (worn)
 k - a +1 plate armour (worn)
 m - the +0 robe of Surprise {+Inv Will+ SInv}
   (You found it in a sewer)

   SInv:      It lets you see invisible.
   +Inv:      It lets you turn invisible.
   Will:      It increases your willpower.
 n - a +0 troll leather armour
 r - a +0 pair of boots (worn)
 y - a +0 helmet (worn)
Magical Staves
 f - a staff of cold
Jewellery
 h - an amulet of magic regeneration (around neck)
 q - a +6 ring of intelligence (left hand)
Wands
 i - a wand of acid (11)
Scrolls
 g - 4 scrolls of magic mapping
 l - a scroll of blinking
 o - 6 scrolls of teleportation
 p - a scroll of summoning
 t - a scroll of immolation
 w - a scroll of fog
 x - a scroll of torment {unknown}
Potions
 d - a potion of might
 e - 3 potions of attraction
 u - 2 potions of haste
 v - 3 potions of curing


   Skills:
 * Level 5.5 Fighting
 * Level 4.7 Long Blades
 - Level 6.5 Axes
 * Level 6.0 Armour
 * Level 2.6 Dodging
 * Level 4.9 Shields


You had 7 spell levels left.
You didn't know any spells.
Your spell library contained the following spells:

 Spells                   Type           Power      Damage    Failure   Level
 Call Canine Familiar     Summ           0%         N/A       100%        3
 Portal Projectile        Hex/Tloc       0%         N/A       100%        3
 Leda's Liquefaction      Hex/Erth       0%         N/A       100%        4


Dungeon Overview and Level Annotations

Branches:
Dungeon (7/15)              Sewer (visited)
 Temple: D:4-7

Altars:
Cheibriados
Elyvilon
Nemelex Xobeh
The Shining One

Shops:
D:4 [   D:7 =

Annotations:
D:7 venomsnake's ghost, novice MiBe


Message History

You barely miss venomsnake's ghost.
Venomsnake's ghost is moderately damaged.
Venomsnake's ghost hits you but does no damage.
You closely miss venomsnake's ghost.
Venomsnake's ghost is moderately damaged.
Venomsnake's ghost hits you. You block venomsnake's ghost's attack.
You closely miss venomsnake's ghost.
Venomsnake's ghost is moderately damaged.
Venomsnake's ghost hits you but does no damage.
You barely miss venomsnake's ghost.
Venomsnake's ghost is moderately damaged.
Venomsnake's ghost hits you!
* * * LOW HITPOINT WARNING * * *
You feel very mighty all of a sudden. Venomsnake's ghost hits you.
* * * LOW HITPOINT WARNING * * *
You hit venomsnake's ghost but do no damage.
Venomsnake's ghost is lightly damaged.
Venomsnake's ghost hits you!
* * * LOW HITPOINT WARNING * * *
You slash venomsnake's ghost!
Venomsnake's ghost is moderately damaged.
You block venomsnake's ghost's attack. Venomsnake's ghost hits you.
* * * LOW HITPOINT WARNING * * *
You slice venomsnake's ghost!!
Venomsnake's ghost is severely damaged.
You hear the steady creaking of a very distant portcullis.
You block venomsnake's ghost's attack.
You slash venomsnake's ghost!
Venomsnake's ghost is severely damaged.
Venomsnake's ghost hits you but does no damage.
You slash venomsnake's ghost!
Venomsnake's ghost is almost destroyed.
Venomsnake's ghost hits you but does no damage.
You slash venomsnake's ghost!
Venomsnake's ghost is almost destroyed.
Venomsnake's ghost hits you.
* * * LOW HITPOINT WARNING * * *
Venomsnake's ghost hits you.
You die...

#.## #.# #.#. #.# #.#. #.# #.#.
#.# #.# #.#. #.# #.# ###... #.#
#.#############..... #.#
#...#.....#.....###. #.#
#..@W~~~~$#.....# #. #.#
#...#.$...#...#.###.
.######.#####.##########.##.....
..............# #####.#.>######
#######.####### #....#........<
#.##########.###.##.######
#............# #..........
###################.######
........######


You could see venomsnake's ghost.

Vanquished Creatures
  2 black bears
  3 bullfrogs
  2 scorpions
  A killer bee (D:5)
  2 hounds (D:5)
  3 jellies
  An orc priest (D:6)
  A gnoll bouda (D:7)
  2 orc wizards
  4 iguanas
  13 gnolls
  8 adders
  A white imp (D:6)
  An ufetubus (D:6)
  2 worms
  4 dart slugs
  9 orcs
  7 endoplasms
  13 giant cockroaches
  9 goblins
  5 hobgoblins
  16 quokkas
  14 ball pythons
  7 bats
  12 frilled lizards
  6 kobolds
  4 rats (D:1)
152 creatures vanquished.

Vanquished Creatures (others)
  An orc (D:4)
1 creature vanquished.

Grand Total: 153 creatures vanquished

Notes
Turn   | Place    | Note
-------+----------+-------------------------------------------
     0 | D:1      | trigross the Hill Orc Fighter began the quest for the Orb.
     0 | D:1      | Reached XP level 1. HP: 19/19 MP: 1/1
   225 | D:1      | Reached XP level 2. HP: 26/27 MP: 2/2
   764 | D:1      | Reached XP level 3. HP: 33/33 MP: 3/3
  1280 | D:2      | Found a faded altar of an unknown god.
  1580 | D:3      | Reached XP level 4. HP: 37/40 MP: 4/4
  1699 | D:3      | Found a white marble altar of Elyvilon.
  1700 | D:3      | Found a snail-covered altar of Cheibriados.
  2062 | D:3      | Found a glowing drain.
  2090 | Sewer    | Entered a sewer
  2253 | Sewer    | Reached XP level 5. HP: 46/46 MP: 5/5
  2782 | Sewer    | Reached skill level 5 in Axes
  2797 | Sewer    | Reached skill level 1 in Dodging
  2798 | Sewer    | Reached XP level 6. HP: 36/53 MP: 6/6
  2807 | Sewer    | Identified the +0 robe of Surprise {+Inv Will+ SInv}
  3147 | D:4      | Found Onusk's Antique Armour Emporium.
  3776 | D:4      | Became a worshipper of Beogh the Brigand
  4021 | D:4      | Reached XP level 7. HP: 55/60 MP: 7/7
  4326 | D:5      | Entered Level 5 of the Dungeon
  4328 | D:5      | Identified the +8 long sword of the Desolation of Salt
                  | {pain, rC+ Str+4 SInv}
  4650 | D:5      | Reached skill level 1 in Long Blades
  4650 | D:5      | Reached skill level 5 in Armour
  4894 | D:5      | Found a glowing golden altar of the Shining One.
  4902 | D:5      | Reached skill level 5 in Fighting
  5360 | D:5      | Reached XP level 8. HP: 28/68 MP: 8/8
  5695 | D:5      | Found a sparkling altar of Nemelex Xobeh.
  5894 | D:6      | Reached * piety under Beogh
  6763 | D:7      | Found Camo's Jewellery Shop.
  6971 | D:7      | Found a runed translucent door.
  6976 | D:7      | Noticed venomsnake's ghost (novice MiBe)
  7015 | D:7      | HP: 3/69 [venomsnake's ghost (3)]
  7015 | D:7      | Slain by venomsnake's ghost

Illustrated notes

Levels and vault maps discovered:
D:1:      lightli_iron_boxes, layout_loops_ring
D:2:      layout_rooms, hellmonk_ecumenical_altar_crossroads
D:3:      layout_loops_ring, gammafunk_temple_overflow_statue,
          portal_sewer_entry_d, minivault_19
D:4:      mumra_celtic_spiral_tile, layout_cave_pools, serial_shops,
          nicolae_shop_hallway_stairs, eino_small_chamber_without_monster
D:5:      layout_loops_corners, nicolae_overflow_crystal_walls,
          nemelex_spade_bored_becter
D:6:      layout_loops_ring, hangedman_glass_teeth
D:7:      layout_loops_ring, chequers_temple_overflow_statue_of_worship,
          minmay_temple_entry_overgrown, ebering_ghost_reflecting_pool,
          serial_shops, kennysheep_mini_moat, enter_bailey_5

Skill      XL: |  1  2  3  4  5  6  7  8 |
---------------+-------------------------+-----
Axes           | 3 4 5 6 |  6.5
Fighting       | 4 5 |  5.5
Armour         | 4 5 6 |  6.0
Shields        | 4 |  4.9
Dodging        | 1 2 |  2.6
Long Blades    | 3 4 |  4.7

Action                   |  1- 3 |  4- 6 |  7- 9 || total
-------------------------+-------+-------+-------++-------
Melee: War axe           |   108 |   254 |       ||   362
       Long sword        |       |       |   170 ||   170
Invok: Convert to Beogh  |       |     1 |       ||     1
  Use: Scroll            |     6 |     2 |     7 ||    15
       Potion            |     3 |       |     7 ||    10
Armor: Scale mail        |    37 |       |       ||    37
       Plate armour      |    22 |   220 |   123 ||   365
Dodge: Dodged            |    59 |    72 |    58 ||   189
Block: Buckler           |    26 |    61 |    45 ||   132
